Map: Dusk Towers

Players

Zezão - Winner!

  • Race: Terran Terran
  • League: Bronze

Miltreta

  • Race: Terran Terran
  • League: Bronze

VOD

Have the link to the VOD?

Description

Time

  • Played on: March 15, 2016, 10:16 a.m.
  • Length: 30:21
Show
View Real Time Build Order
Export as new Build Order

Zezão Terran - Winner!

Build Orders:  

Get SALT Encoding   

  12  0:26  SCV  
  12  0:28  Supply Depot  
  13  0:41  Supply Depot  
  13  0:43  SCV  
  14  0:55  SCV  
  15  0:59  Refinery  
  15  1:04  Supply Depot  
  15  1:12  Barracks, Refinery  
  15  1:15  SCV  
  16  1:28  SCV  
  17  1:33  Supply Depot  
  17  1:53  SCV  
  18  2:05  SCV  
  19  2:09  Barracks Reactor  
  19  2:14  Engineering Bay  
  19  2:17  SCV  
  20  2:29  SCV  
  21  2:41  SCV  
  22  2:44  Terran Infantry Weapons Level 1  
  22  2:51  Marine  
  22  2:52  Marine  
  22  2:53  SCV  
  25  3:05  SCV  
  25  3:09  Marine x2  
  28  3:15  Refinery  
  28  3:18  SCV  
  29  3:27  Marine x2  
  31  3:39  Command Center  
  31  3:45  Orbital Command, Marine x2  
  33  4:03  Marine x2  
  34  4:20  Marine  
  34  4:21  Marine  
  35  4:38  Terran Infantry Armor Level 1, Marine  
  35  4:39  Marine  
  37  4:56  Marine x2  
  39  5:03  Factory  
  39  5:04  Orbital Command  
  39  5:09  Refinery  
  39  5:14  Marine x2  
  41  5:32  Marine x2  
  43  5:43  SCV  
  43  5:49  Marine  
  44  5:50  Marine  
  44  5:55  SCV  
  47  6:07  SCV, Marine  
  47  6:08  Marine  
  47  6:19  SCV  
  47  6:23  Factory Tech Lab  
  48  6:27  Armory  
  48  6:28  Marine  
  48  6:29  Marine  
  48  6:31  SCV  
  51  6:33  Hi-Sec Auto Tracking  
  51  6:43  SCV  
  51  6:46  Marine x2  
  54  7:17  Terran Vehicle Weapons Level 1  
  54  7:19  Supply Depot  
  54  7:29  Terran Infantry Weapons Level 2  
  54  7:40  SCV, Marine x2, Siege Tank  
  54  7:42  Supply Depot  
  60  7:52  SCV  
  60  7:58  Marine  
  61  8:04  Marine  
  61  8:05  SCV  
  64  8:12  Siege Tank  
  64  8:13  Supply Depot  
  64  8:17  SCV  
  68  8:29  SCV, Marine  
  70  8:34  Marine  
  70  8:35  Supply Depot  
  71  8:45  Siege Tank  
  71  8:47  Marine  
  75  8:52  Marine  
  75  8:54  SCV  
  77  9:05  Marine  
  77  9:06  SCV  
  79  9:10  Marine  
  79  9:11  Terran Vehicle And Ship Armor Level 1, Supply Depot  
  83  9:17  Starport, Siege Tank  
  83  9:18  SCV  
  83  9:23  Marine, Starport  
  85  9:28  Marine  
  86  9:32  SCV  
  87  9:44  SCV  
  87  9:45  Terran Infantry Armor Level 2  
  88  9:49  Siege Tank  
  91  9:55  Marine x2  
  93  10:13  Marine  
  93  10:14  Starport Tech Lab  
  94  10:16  Starport Tech Lab  
  94  10:23  Fusion Core  
  94  10:26  Starport  
  94  10:29  Missile Turret  
  94  10:49  Cloaking Field  
  94  10:52  Missile Turret  
  94  11:06  Terran Ship Weapons Level 1  
  94  11:19  Command Center  
  94  11:32  Weapon Refit  
  94  11:35  Starport Tech Lab  
  94  11:56  Refinery  
  94  12:07  Missile Turret  
  94  12:15  Behemoth Reactor  
  94  12:18  Supply Depot  
  94  12:21  Supply Depot  
  94  12:28  Missile Turret, Supply Depot  
  94  12:31  Marine x2, Battlecruiser, Siege Tank  
  94  12:32  Supply Depot  
  105  12:40  Battlecruiser x2  
  105  12:42  Missile Turret  
  117  12:47  Missile Turret  
  117  12:49  Marine x2  
  119  12:57  Supply Depot  
  119  12:59  Terran Vehicle Weapons Level 2, Supply Depot  
  119  13:03  Siege Tank  
  122  13:06  Marine  
  123  13:13  Missile Turret  
  123  13:32  Supply Depot  
  123  13:35  Missile Turret, Battlecruiser  
  123  13:40  Missile Turret  
  129  13:44  Missile Turret, Battlecruiser  
  135  13:55  Supply Depot  
  135  14:04  Orbital Command  
  135  14:09  Refinery  
  135  14:40  Supply Depot, Battlecruiser  
  141  14:47  Supply Depot  
  141  14:59  Missile Turret  
  141  15:04  Supply Depot  
  141  15:12  Missile Turret  
  141  15:15  Terran Vehicle And Ship Armor Level 2  
  141  15:19  Missile Turret  
  141  15:27  Battlecruiser  
  147  15:30  Battlecruiser  
  153  15:43  Raven  
  155  15:58  Missile Turret  
  155  16:12  Missile Turret  
  155  16:23  Supply Depot  
  155  16:31  Battlecruiser  
  161  16:34  Battlecruiser  
  167  16:50  Battlecruiser  
  173  17:36  Battlecruiser  
  179  17:38  Battlecruiser  
  179  17:40  Command Center  
  185  17:53  Refinery  
  185  17:54  Battlecruiser  
  191  18:00  Refinery  
  191  18:06  High Capacity Fuel Tanks  
  191  18:07  Explosive Shrapnel Shells  
  191  18:13  Hyperflight Rotors  
  191  18:24  Barracks  
  191  18:26  Terran Infantry Weapons Level 3  
  191  19:11  Barracks Reactor  
  191  19:14  Barracks Tech Lab  
  191  19:21  Supply Depot  
  191  19:25  Advanced Ballistics  
  191  19:28  Raven  
  199  19:31  Battlecruiser  
  195  19:46  Corvid Reactor  
  175  20:29  Battlecruiser  
  187  20:35  Battlecruiser  
  187  21:03  Terran Infantry Armor Level 3  
  187  21:14  Orbital Command  
  187  21:33  Battlecruiser  
  133  22:34  Marine x2  
  135  22:40  Battlecruiser  
  135  22:41  Battlecruiser  
  147  22:51  Marine  
  147  22:52  Marine  
  149  23:09  Marine x2  
  151  23:25  SCV  
  152  23:27  Marine x2  
  154  23:45  Battlecruiser x2  
  166  23:56  Orbital Command  
  148  24:49  Battlecruiser  
  154  25:12  Battlecruiser  
  154  25:53  Battlecruiser  
  148  26:16  Battlecruiser  
  154  27:41  SCV  
  155  27:51  Battlecruiser x2  
  167  27:54  SCV  
  168  28:03  Marine  
  168  28:04  Marine  
  170  28:06  SCV  
  171  28:18  SCV  
  172  28:21  Marine x2  
  168  28:30  SCV  
  169  28:39  Marine x2  
  169  28:49  Battlecruiser  
  169  28:55  Battlecruiser x2  
  187  28:57  Marine x2  
  189  29:15  Marine x2  
  183  29:32  Marine  
  183  29:33  Marine  
  167  29:50  Marine x2  
Show
View Real Time Build Order
Export as new Build Order

Miltreta Terran 

Build Orders: MMM Bio 

Get SALT Encoding   

  12  0:00  SCV  
  13  0:13  SCV  
  14  0:21  Supply Depot  
  14  0:25  SCV  
  15  0:30  Refinery  
  15  0:43  SCV  
  15  0:47  Barracks  
  16  0:55  SCV  
  17  1:03  Supply Depot  
  17  1:07  SCV  
  18  1:29  SCV  
  19  1:49  Orbital Command  
  18  1:57  Barracks  
  18  2:03  Bunker  
  19  2:11  Barracks Reactor  
  19  2:15  SCV  
  19  2:29  Factory  
  19  2:32  SCV  
  20  2:43  Refinery  
  20  2:45  SCV  
  20  2:49  Barracks Tech Lab  
  21  2:51  Reaper x2  
  23  3:05  Barracks  
  23  3:12  Factory Tech Lab  
  23  3:18  SCV  
  24  3:28  Marauder  
  24  3:32  Command Center  
  26  3:42  Barracks  
  26  3:43  Reaper x2  
  28  4:06  Marine  
  29  4:23  Reaper x2  
  29  4:38  Barracks Reactor x2  
  29  4:40  Stimpack  
  29  4:41  Reaper  
  29  4:45  SCV  
  31  4:50  Refinery  
  31  4:55  Siege Tank  
  34  5:08  Engineering Bay  
  34  5:13  Orbital Command  
  34  5:14  SCV  
  35  5:22  Marine  
  35  5:23  Marine  
  35  5:24  Reaper  
  35  5:25  Reaper  
  35  5:26  SCV, Reaper  
  35  5:27  Marine  
  42  5:46  Terran Infantry Weapons Level 1  
  42  5:47  Marine x2  
  42  5:48  Marine  
  45  5:54  SCV  
  46  6:03  SCV, Refinery  
  47  6:06  Supply Depot  
  47  6:08  Supply Depot x2  
  42  6:30  Factory  
  42  6:32  Reaper x2  
  44  6:52  SCV x2  
  46  6:58  Marine x2  
  46  6:59  Marine  
  46  7:00  Marine  
  50  7:05  Siege Tank  
  53  7:22  Combat Shields, Marauder  
  55  7:32  SCV x2  
  55  7:36  Marine x4  
  60  7:37  Marine  
  60  7:41  Factory Tech Lab  
  62  7:44  Siege Tank  
  65  7:51  Terran Infantry Armor Level 1  
  65  7:55  Missile Turret  
  65  8:02  Starport  
  65  8:05  Starport  
  65  8:13  Marine x3  
  65  8:14  Marine x2  
  65  8:15  Marine  
  65  8:17  Siege Tank x2, Command Center  
  77  8:45  Marine  
  78  8:52  Marine x4  
  82  8:59  Supply Depot  
  82  9:00  Supply Depot  
  82  9:01  Supply Depot  
  82  9:02  Supply Depot  
  82  9:07  Starport Tech Lab, Starport Reactor  
  82  9:10  Marine x3  
  82  9:11  Marine  
  81  9:58  Marine x5  
  81  9:59  Marine  
  87  10:01  Marauder  
  87  10:02  Siege Tank x2  
  96  10:14  SCV x2  
  97  10:26  SCV  
  98  10:33  Orbital Command  
  98  10:36  Marine x2  
  98  10:37  Marine x4  
  104  10:54  SCV x2  
  106  10:59  Supply Depot  
  106  11:01  Supply Depot  
  106  11:04  Supply Depot  
  106  11:08  Missile Turret  
  106  11:11  SCV  
  106  11:12  SCV x2  
  109  11:19  Marine x2  
  109  11:20  Marine x3  
  109  11:21  Marine  
  109  11:22  Siege Tank x2  
  121  11:29  Medivac  
  121  11:30  Medivac  
  121  11:31  Banshee  
  128  11:36  SCV x2  
  128  11:37  SCV  
  131  12:01  Armory  
  131  12:18  SCV x3  
  134  12:29  Refinery  
  134  12:31  SCV x3  
  134  12:32  Refinery  
  134  12:33  Marine  
  134  12:34  Marine x5  
  146  12:37  Siege Tank  
  146  12:44  Factory  
  146  12:52  SCV x2  
  146  12:53  Engineering Bay, SCV  
  149  13:05  Supply Depot x2  
  149  13:08  Factory  
  149  13:12  Factory  
  149  13:16  Medivac x2  
  149  13:17  Factory  
  149  13:18  Banshee  
  156  13:26  SCV x3  
  159  13:36  Command Center  
  159  13:56  Liberator  
  159  13:57  Liberator  
  159  14:03  Marine x2  
  159  14:04  Marine x4  
  159  14:09  Siege Tank x2  
  171  14:10  Factory Tech Lab  
  171  14:15  Banshee  
  180  15:18  Cloaking Field  
  180  15:29  Thor x2  
  192  15:37  Thor  
  192  15:41  Ghost Academy  
  198  15:46  Ghost Academy  
  198  15:47  Terran Infantry Armor Level 2  
  198  15:48  Terran Infantry Weapons Level 2  
  198  15:51  Terran Vehicle Weapons Level 1  
  198  15:57  Armory  
  198  16:05  Orbital Command  
  198  16:11  Refinery  
  198  16:30  Command Center  
  198  16:34  Nuke  
  198  16:35  Personal Cloaking  
  197  17:59  Ghost  
  197  18:01  Nuke  
  199  18:11  Refinery  
  199  18:13  Refinery  
  199  18:14  Terran Infantry Weapons Level 3  
  199  18:15  Terran Infantry Armor Level 3  
  199  18:59  Fusion Core  
  165  20:15  Ghost  
  167  20:25  Battlecruiser  
  173  20:37  Behemoth Reactor  
  173  21:03  Marine  
  173  21:04  Marine x4  
  175  21:05  Marine  
  175  21:08  Thor  
  175  21:09  Thor x2  
  197  21:20  Command Center  
  197  21:33  Weapon Refit  
  197  21:42  Terran Vehicle And Ship Armor Level 1  
  197  21:43  Terran Vehicle Weapons Level 2  
  197  21:45  Nuke x2  
  71  22:28  Liberator  
  71  22:29  Liberator  
  71  22:30  Factory Tech Lab x2  
  71  22:31  Factory Tech Lab  
  71  22:36  Marine x4  
  75  22:37  Marine x2  
  77  22:48  Battlecruiser  
  89  22:56  Marine x4  
  89  22:57  Marine x2  
  95  23:14  Starport  
  95  23:15  Starport x2  
  95  23:16  Starport  
  95  23:19  Starport  
  95  23:22  Marine x2  
  95  23:23  Marine x4  
  95  23:24  Marine  
  95  23:27  Thor x2  
  102  23:28  Thor  
  102  23:29  Thor  
  126  23:36  Terran Ship Weapons Level 1  
  119  23:52  Marine x4, Battlecruiser  
  119  23:53  Marine x3  
  114  23:58  Siege Tank  
  114  23:59  Siege Tank  
  95  24:10  Thor, Marine x2, Siege Tank  
  95  24:11  Thor x2  
  99  24:31  Marine x3  
  99  24:32  Marine x3  
  99  24:33  Marine  
  99  24:42  Thor  
  95  24:52  Thor  
  95  24:57  Battlecruiser  
  97  25:05  Marine x2  
  97  25:06  Marine x3  
  81  25:23  Marine  
  69  25:41  Barracks x2  
  58  25:43  Barracks  
  58  25:44  Barracks  
  58  25:49  Marine x4  
  56  25:59  Marine  
  56  26:01  Battlecruiser  
  61  26:07  Marine  
  48  26:23  Barracks Reactor  
  47  26:31  Barracks Reactor x3  
  47  26:32  Barracks Reactor  
  46  26:38  Barracks x2  
  46  27:20  Marine x4  
  46  27:21  Marine x3  
  46  27:22  Marine  
  54  27:26  Marine x2  
  56  27:41  Orbital Command  
  56  27:42  Supply Depot x2  
  56  27:44  Supply Depot x2  
  56  27:45  Supply Depot  
  56  27:47  Supply Depot  
  56  27:48  Supply Depot  
  56  27:50  Supply Depot  
  56  27:51  Barracks x2, Supply Depot  
  53  27:52  Barracks  
  53  27:55  Barracks  
  53  27:58  Supply Depot x2  
  49  28:01  Barracks Reactor  
  49  28:02  Barracks Reactor, Marine  
  49  28:03  Supply Depot, Marine x5  
  49  28:04  Marine x2  
  55  28:22  Supply Depot  
  55  28:27  Marine x5  
  55  28:28  Marine  
  61  28:40  Marine  
  61  28:41  Marine x2  
  64  28:43  Marine x3  
  64  28:44  Marine x2  
  64  28:45  Marine  
  70  28:56  Supply Depot  
  70  28:58  Supply Depot  
  70  28:59  Supply Depot  
  70  29:00  Supply Depot x2  
  70  29:01  Marine x4  
  70  29:02  Marine x3  
  77  29:03  Barracks Reactor x2  
  77  29:04  Supply Depot  
  77  29:17  Marine x4  
  77  29:24  Marine x4  
  49  29:39  Marine x5  
  32  29:47  Marine x3  
  32  29:48  Marine x4  
  26  29:53  Marine  
  26  29:54  Marine x2  
Tags
 
Composition
MMM Bio
Matchup
TvT
Race
Terran
Add a new tag
Caveats
  • Supply blocks, unpowered buildings, or Contaminate may cause inaccurate times.
  • Supply counts are checked every 10 seconds.